 Dungeon Crawl Stone Soup version 0.19-a0-687-g35db334 (webtiles) character file.

231 namelastname112 the Ruffian (level 5, -3/40 HPs)
             Began as a Draconian Transmuter on June 18, 2016.
             Slain by p0werm0de's ghost (18 damage)
             ... on level 4 of the Dungeon.
             The game lasted 00:07:46 (4431 turns).

namelastname112 the Ruffian (Draconian Transmuter)  Turns: 4431, Time: 00:07:47

Health: -3/40      AC:  2    Str: 13    XL:     5   Next: 72%
Magic:  0/8        EV: 19    Int: 13    God:
Gold:   239        SH:  0    Dex: 17    Spells: 3 memorised, 2 levels left

rFire  . . .     SeeInvis .       - Unarmed
rCold  . . .     Gourm    .     (armour unavailable)
rNeg   . . .     Faith    .     (shield currently unavailable)
rPois  x         Spirit   .     (helmet currently unavailable)
rElec  .         Dismiss  .     (cloak currently unavailable)
rCorr  .         Reflect  .     (gloves currently unavailable)
SustAt .         Harm     .     (boots currently unavailable)
MR     .....                    (no amulet)
Stlth  +++.......               (no ring)
                                k - ring of stealth

@: spider-form, not resistant to hostile enchantments, fairly stealthy
A: unfitting armour, (cold-blooded), AC +5
a: End Transformation


You were on level 4 of the Dungeon.
You were hungry.
You were a venomous arachnid creature.
You visited 1 branch of the dungeon, and saw 4 of its levels.

You collected 239 gold pieces.

Inventory:

Hand Weapons
 r - a +3 dagger of venom
 u - a +0 blowgun
Missiles
 a - 36 arrows
 l - 5 curare-tipped needles
Armour
 m - a +0 hat (melded)
 y - a +1 cloak of poison resistance (melded)
Jewellery
 k - a ring of stealth (left front leg)
 q - a cursed -2 ring of slaying {unknown}
Scrolls
 h - a scroll of amnesia {unknown}
 i - a scroll of magic mapping {unknown}
 j - 5 scrolls of remove curse {unknown}
 p - 4 scrolls of teleportation {unknown}
 t - a scroll of random uselessness {unknown}
 x - a scroll of identify {unknown}
 z - a scroll of noise {unknown}
Potions
 e - 2 potions of degeneration {unknown}
 g - a potion of haste {unknown}
 s - 2 potions of curing {unknown}
 v - 2 potions of agility {unknown}
 w - a potion of magic {unknown}
Books
 b - a book of Changes

   Spells                             Type                      Level
   a - Beastly Appendage              Transmutation                1
   b - Sticks to Snakes               Transmutation                2
   c - Spider Form                    Transmutation/Poison         3
   d - Ice Form                       Ice/Transmutation            4
   e - Blade Hands                    Transmutation                5
Comestibles
 c - 2 bread rations
 d - a beef jerky
 f - 2 fruits
 n - a slice of pizza
 o - 5 meat rations
 A - 5 chunks of flesh


   Skills:
 - Level 1.1 Fighting
 - Level 1.7 Dodging
 + Level 5.0 Unarmed Combat
 - Level 2.0 Spellcasting
 + Level 4.5 Transmutations


You had 2 spell levels left.
You knew the following spells:

 Your Spells              Type           Power        Failure   Level  Hunger
a - Beastly Appendage     Tmut           ##....       14%         1    ##.....
c - Spider Form           Tmut/Pois      #.........   56%         3    ####...
x - Sticks to Snakes      Tmut           ##......     21%         2    ###....


Dungeon Overview and Level Annotations

Branches:
Dungeon (4/15)
 Temple: D:4-7

Altars:
Ashenzari
Kikubaaqudgha
Nemelex Xobeh
Okawaru
Pakellas
Qazlal
Ru
Sif Muna
Vehumet
Xom
The Shining One

Annotations:
D:4 p0werm0de's ghost, novice OpAs


Innate Abilities, Weirdness & Mutations

((Your plain brown scales are hard. (AC +5)))
Your body does not fit into most forms of armour.
((You are cold-blooded and may be slowed by cold attacks.))


Message History

Your +1 cloak of poison resistance melds into your body.
Your +0 hat melds into your body.
You no longer feel resistant to poison.
You are feeling hungry.
You now have 5/8 mp.
Casting: Spider Form
Confirm with . or Enter, or press ? or * to list all spells.
You extend your transformation's duration.
You now have 2/8 mp.
Casting: Spider Form
Confirm with . or Enter, or press ? or * to list all spells.
You don't have enough magic to cast that spell.
Casting: Spider Form
Confirm with . or Enter, or press ? or * to list all spells.
You create a snake!
You now have 36 arrows.
P0werm0de's ghost hits you.
You are electrocuted!
Ouch! That really hurt!
You take 23 damage, and have 17/40 hp.
MASSIVE DAMAGE!!
You now have 0/8 mp.
You hit p0werm0de's ghost but do no damage.
P0werm0de's ghost hits you.
You are electrocuted!
You die...

... #.....# ... #.....+
.... #.....# .....
#.....#
.....#########.....#####
.............(.........#
.......................#
.......s........)......#
.......W.S......)......#
......#'##....########..
..$...#..#....#......#..
..... #..#....#......+..
###+####'#....#.# #..#..
#.....####.###..###
#.....#............
+.....#............


You could see p0werm0de's ghost and a friendly ball python.

Vanquished Creatures
  An orc wizard (D:4)
  Terence (D:2)
  Robin (D:1)
  A worker ant zombie (D:3)
  4 adders
  An adder skeleton (D:3)
  3 worms
  5 dart slugs
  A giant gecko (D:1)
  4 orcs
  4 giant cockroaches
  7 hobgoblins
  8 jackals (D:1)
  3 quokkas
  A ball python skeleton (D:3)
  11 bats
  2 giant newts
  11 goblins
  5 kobolds
  7 rats
81 creatures vanquished.

Vanquished Creatures (collateral kills)
  Crazy Yiuf (D:2)
1 creature vanquished.

Grand Total: 82 creatures vanquished

Notes
Turn   | Place    | Note
--------------------------------------------------------------
     0 | D:1      | namelastname112 the Draconian Transmuter began the quest for the Orb.
     0 | D:1      | Reached XP level 1. HP: 16/16 MP: 3/3
   116 | D:1      | Reached XP level 2. HP: 16/23 MP: 5/5
   237 | D:1      | Learned a level 2 spell: Sticks to Snakes
   719 | D:1      | Reached XP level 3. HP: 28/28 MP: 6/6
   724 | D:1      | Learned a level 3 spell: Spider Form
  1489 | D:2      | Noticed Robin
  1507 | D:1      | kirsanium: какие скиллы врублены?
  1536 | D:1      | kirsanium: понял
  1536 | D:1      | namelastname112: такие
  1539 | D:1      | Wingboner: Ну можно либо через тмуты, либо через анарм идти.
  1554 | D:1      | Wingboner: Я предпочитаю через тмуты.
  1580 | D:1      | Killed Robin
  1580 | D:1      | Reached skill level 4 in Unarmed Combat
  1867 | D:2      | Reached XP level 4. HP: 35/35 MP: 7/7
  2194 | D:2      | Found a glowing golden altar of the Shining One.
  2236 | D:2      | Wingboner: Так, всё, у меня время. Успехов вам тут и плаща с йиффа.
  2335 | D:2      | Noticed Terence
  2349 | D:2      | Killed Terence
  2505 | D:2      | kirsanium: это ж где ты живешь
  2566 | D:2      | kirsanium: что идти куда-то надо?
  2618 | D:2      | kirsanium: он уже свалил...
  2618 | D:2      | namelastname112: далеко где-то
  2623 | D:2      | kirsanium: владик, хабаровск
  2623 | D:2      | namelastname112: плюс он ночами не спит
  2635 | D:2      | Found a shimmering altar of Xom.
  2635 | D:2      | Found a shimmering altar of Xom.
  2637 | D:2      | Found a shimmering altar of Xom.
  2637 | D:2      | Found a shimmering altar of Xom.
  2639 | D:2      | Found a shimmering altar of Xom.
  2905 | D:3      | Found a radiant altar of Vehumet.
  2934 | D:3      | Reached XP level 5. HP: 40/40 MP: 8/8
  2973 | D:3      | Found an ancient bone altar of Kikubaaqudgha.
  2982 | D:3      | Found a deep blue altar of Sif Muna.
  2987 | D:3      | Identified Kikubaaqudgha's Grimoire of Evil Secrets
  3114 | D:3      | Found a sparkling altar of Nemelex Xobeh.
  3115 | D:3      | Found a shattered altar of Ashenzari.
  3194 | D:3      | Found a sacrificial altar of Ru.
  3199 | D:3      | Found an iron altar of Okawaru.
  3215 | D:3      | Found a stormy altar of Qazlal.
  3216 | D:3      | Found an oddly glowing altar of Pakellas.
  3865 | D:2      | Noticed Crazy Yiuf
  3869 | D:2      | namelastname112: упс
  3869 | D:2      | namelastname112: клока рпойза
  3968 | D:2      | kirsanium: чому на лесенку не ушел?
  4033 | D:2      | namelastname112: я жадный
  4033 | D:2      | namelastname112: очень
  4061 | D:2      | Killed Crazy Yiuf
  4361 | D:4      | Reached skill level 5 in Unarmed Combat
  4417 | D:4      | Noticed p0werm0de's ghost (novice OpAs)
  4431 | D:4      | Slain by p0werm0de's ghost

Vault maps used:
D:1:      dpeg_arrival_renting, minmay_strange_pillars
D:2:      nicolae_tso_carved_into_rock, xom_redecorated, uniq_terence,
          uniq_robin, uniq_crazy_yiuf_cottage
D:3:      grunt_temple_overflow_magic_moments, grunt_temple_overflow_open,
          minmay_surrounded
D:4:      first_bread, serial_shops, shop

Skill      XL: |  1  2  3  4  5 |
---------------+----------------+-----
Transmutations | 3 4 |  4.5
Unarmed Combat | 4 5 |  5.0
Fighting       | |  1.1
Dodging        | |  1.7
Spellcasting   | |  2.0

Action                   |  1- 3 |  4- 6 || total
-------------------------+-------+-------++-------
Melee: Unarmed           |   150 |     4 ||   154
       Tailslap          |    15 |    17 ||    32
       Dagger            |    13 |   120 ||   133
       Punch             |     2 |     2 ||     4
 Fire: Blowgun           |       |     3 ||     3
 Cast: Sticks to Snakes  |     3 |     9 ||    12
       Spider Form       |       |     3 ||     3
 Stab: Sleeping          |     6 |     5 ||    11
  Eat: Chunk             |     3 |     9 ||    12
Armor: Skin              |    41 |    26 ||    67
Dodge: Dodged            |    97 |    75 ||   172
